 Dungeon Crawl Stone Soup version 0.28.0-43-g3370ac3207 (webtiles) character file.

Game seed: 17185637043502608252

914 Acheron the Slasher (level 7, -9/56 (61) HPs)
             Began as a Minotaur Delver on Mar 18, 2022.
             Mangled by a wight
             ... wielding a +0 battleaxe
              (15 damage)
             ... on level 8 of the Dungeon.
             The game lasted 00:21:08 (6106 turns).

Acheron the Slasher (Minotaur Delver)               Turns: 6106, Time: 00:21:09

HP:   -9/56 (61)    AC:  6    Str: 16    XL:     7   Next: 82%
MP:   6/6           EV: 12    Int:  9    God:
Gold: 161           SH:  0    Dex: 12    Spells: 3/6 levels left

rFire   . . .      SeeInvis .   a - +0 falchion
rCold   . . .      Faith    .   (no shield)
rNeg    + . .      Spirit   .   q - +3 leather armour
rPois   .          Reflect  .   (helmet restricted)
rElec   .          Harm     .   j - scarf {repulsion}
rCorr   .          Rampage  .   (no gloves)
Will    .....                   (no boots)
Stlth   +++.......              (no amulet)
HPRegen 0.18/turn               s - ring of positive energy
MPRegen 0.10/turn               (no ring)

@: hasted, drained, repel missiles, very quick
A: horns 2, retaliatory headbutt
a: no special abilities


You were on level 8 of the Dungeon.
You visited 1 branch of the dungeon, and saw 8 of its levels.

You collected 161 gold pieces.

Inventory:

Hand Weapons
 a - a +0 falchion (weapon)
 t - a +3 dagger of freezing
 v - a +0 war axe
Missiles
 k - 10 poisoned darts
 n - 13 stones
 r - 4 curare-tipped darts (quivered)
Armour
 j - a scarf of repulsion (worn)
 q - a +3 leather armour (worn)
Jewellery
 s - a ring of positive energy (left hand)
Wands
 g - a wand of digging (3)
Scrolls
 c - 3 scrolls of fog
 d - a scroll of magic mapping
 i - a scroll of enchant armour
 w - a scroll of enchant weapon
Potions
 h - a potion of berserk rage
 l - a potion of invisibility {unknown}
 o - a potion of flight {unknown}
 p - a potion of lignification {unknown}
 u - a potion of mutation {unknown}


   Skills:
 * Level 5.2 Fighting
 * Level 6.1 Long Blades
 * Level 0.7 Throwing
 * Level 3.1 Armour
 * Level 3.9 Dodging
 * Level 5.7 Stealth
 * Level 2.4 Evocations


You had 3 spell levels left.
You knew the following spells:

 Your Spells              Type           Power      Damage    Failure   Level
a - Teleport Other        Tloc           0%         N/A       82%         3

Your spell library contained the following spells:

 Spells                   Type           Power      Damage    Failure   Level
 Gell's Gravitas          Tloc           0%         N/A       82%         3
 Lesser Beckoning         Tloc           0%         N/A       82%         3
 Tukima's Dance           Hex            0%         N/A       82%         3
 Passage of Golubria      Tloc           0%         N/A       99%         4
 Yara's Violent Unravell  Hex/Tmut       0%         3d3       100%        5
 Dispersal                Tloc           0%         N/A       100%        6


Dungeon Overview and Level Annotations

Branches:
Dungeon (8/15)
 Temple: D:4-7         Lair: D:8-11

Altars:

Annotations:
D:4 exclusion: downstairs
D:6 exclusion: downstairs


Innate Abilities, Weirdness & Mutations

You have a pair of horns on your head.
You reflexively headbutt those who attack you in melee.


Message History

The wight hits you with a +0 battleaxe!
An orc comes into view. It is wielding a +0 hand axe.
You hear a bellow!
The orc shouts!
You hit the wight. Your headbutt misses the wight.
The wight is lightly damaged.
You hear a bellow!
You hear two shouts!
The wight completely misses you.
You hit the wight but do no damage.
The wight is lightly damaged.
The wight misses you.
You hit the wight.
The wight is moderately damaged.
The wight closely misses you.
You hit the wight.
The wight is heavily damaged.
The wight hits you with a +0 battleaxe! You partially resist.
You feel drained.
You closely miss the wight.
The wight is heavily damaged.
The orc misses you. The wight misses you.
An orc comes into view. It is wielding a +0 flail.
You closely miss the wight.
The wight is heavily damaged.
The orc hits you but does no damage. The wight hits you with a +0 battleaxe!
* * * LOW HITPOINT WARNING * * *
You partially resist.
You feel drained.
* * * LOW HITPOINT WARNING * * *
As you read the scroll of fear, it crumbles to dust.
You assume a fearsome visage.
The orc looks frightened! x3
The wight is unaffected.
The wight hits you with a +0 battleaxe.
* * * LOW HITPOINT WARNING * * *
You partially resist.
You feel drained.
* * * LOW HITPOINT WARNING * * *
You hit the wight but do no damage. Your headbutt misses the wight.
The wight is heavily damaged.
The wight hits you with a +0 battleaxe.
* * * LOW HITPOINT WARNING * * *
You partially resist.
You feel drained.
You feel yourself speed up. The wight hits you with a +0 battleaxe!
You die... ..############# ..oo...@z...... #.#############

You could see a wight and 2 orcs.

Vanquished Creatures
  2 water moccasins
  2 phantoms
  A scorpion (D:5)
  A howler monkey (D:6)
  A bullfrog zombie (D:5)
  A hound (D:6)
  A jelly (D:6)
  A centaur skeleton (D:4)
  An orc priest (D:3)
  A bullfrog skeleton (D:4)
  An iguana (D:6)
  3 orc wizards (D:5)
  A hound skeleton (D:4)
  5 adders
  An ufetubus (D:5)
  3 worms
  3 dart slugs
  14 orcs
  6 bats
  6 endoplasms
  4 giant cockroaches
  5 goblins
  10 hobgoblins
  2 jackals (D:3)
  5 kobolds
  4 quokkas
  7 ball pythons
  5 frilled lizards
  A rat (D:1)
98 creatures vanquished.

Vanquished Creatures (others)
  An orc wizard (D:5)
1 creature vanquished.

Grand Total: 99 creatures vanquished

Notes
Turn   | Place    | Note
-------+----------+-------------------------------------------
     0 | D:5      | Acheron the Minotaur Delver began the quest for the Orb.
     0 | D:5      | Reached XP level 1. HP: 19/19 MP: 0/0
     8 | D:6      | Noticed a jelly
    54 | D:3      | Noticed an orc priest
    63 | D:3      | Killed an orc priest
    64 | D:3      | Reached XP level 2. HP: 11/27 MP: 1/1
    64 | D:3      | Reached XP level 3. HP: 13/33 MP: 2/2
   809 | D:3      | Reached XP level 4. HP: 39/40 MP: 3/3
   835 | D:3      | You fall into a shaft and drop 1 floor!
   890 | D:4      | Reached skill level 3 in Long Blades
  1279 | D:4      | Reached skill level 1 in Armour
  1279 | D:4      | Reached skill level 5 in Stealth
  1279 | D:4      | Reached skill level 1 in Evocations
  1320 | D:4      | Noticed a phantom
  1517 | D:4      | Reached XP level 5. HP: 35/46 MP: 4/4
  1743 | D:4      | Reached skill level 4 in Long Blades
  1749 | D:4      | Noticed a phantom
  1766 | D:4      | Killed a phantom
  2082 | D:3      | Killed a phantom
  2083 | D:3      | Reached XP level 6. HP: 6/53 MP: 5/5
  4436 | D:5      | Reached skill level 5 in Long Blades
  4891 | D:5      | Reached XP level 7. HP: 53/60 MP: 6/6
  5243 | D:6      | Noticed a steam dragon
  5324 | D:5      | Reached skill level 5 in Fighting
  5616 | D:6      | Reached skill level 6 in Long Blades
  5764 | D:6      | HP: 3/61 [poisoned by a water moccasin]
  6010 | D:6      | Learned a level 3 spell: Teleport Other
  6106 | D:8      | Mangled by a wight

Illustrated notes

Levels and vault maps discovered:
D:1:      eino_arrival_water_cross, layout_basic
D:2:      layout_basic, minmay_crystal_room
D:3:      kb_forest_paths, layout_basic, minmay_ogre_servants
D:4:      wad_river_or_something, layout_basic, minmay_misc_feat_doors,
          small_statue_intersection
D:5:      layout_basic, amcnicky_mini_pool_small, minivault_19, uniq_edmund,
          uniq_pikel
D:6:      layout_basic
D:7:      layout_cave_pods, minmay_temple_entry_offerings, minivault_26,
          minivault_19
D:8:      layout_loops_ring

Skill      XL: |  1  2  3  4  5  6  7 |
---------------+----------------------+-----
Fighting       | 4 5 |  5.2
Long Blades    | 3 4 5 6 |  6.1
Armour         | 1 2 3 |  3.1
Stealth        | 5 |  5.7
Evocations     | 1 2 |  2.4
Dodging        | 3 |  3.9
Throwing       | |  0.7

Action                   |  1- 3 |  4- 6 |  7- 9 || total
-------------------------+-------+-------+-------++-------
Melee: Falchion          |    55 |   213 |    52 ||   320
       Headbutt          |    10 |    27 |     8 ||    45
       Punch             |     1 |       |       ||     1
Throw: Dart              |       |       |     2 ||     2
  Use: Scroll            |       |     8 |     5 ||    13
       Potion            |       |     4 |     4 ||     8
 Stab: Sleeping          |     2 |    21 |     3 ||    26
       Distracted        |     1 |       |       ||     1
Armor: Leather armour    |    10 |    82 |    12 ||   104
       Ring mail         |     2 |     5 |       ||     7
Dodge: Dodged            |    32 |   101 |    28 ||   161
       Repelled          |       |     3 |       ||     3
